 Dungeon Crawl Stone Soup version 0.28.0 (webtiles) character file.

Game seed: 9616749801531250683

12092 RighteousDevil the Fighter (level 11, -9/120 HPs)
             Began as a Troll Monk on Feb 10, 2022.
             Was a Plaything of Xom.
             Mangled by a boulder beetle (31 damage)
             ... on level 10 of the Dungeon.
             The game lasted 00:22:18 (7953 turns).

RighteousDevil the Fighter (Troll Monk)             Turns: 7953, Time: 00:22:19

Health: -9/120     AC: 16    Str: 18    XL:     11   Next: 57%
Magic:  13/13      EV: 10    Int: 18    God:    Xom [...*..]
Gold:   1413       SH:  5    Dex: 16    Spells: 14/14 levels left

rFire   . . .      SeeInvis .   b - +8 mace of Duty {chaos, +Blink rCorr Str-3 Int+6}
rCold   . . .      Faith    .   (no shield)
rNeg    . . .      Spirit   .   v - +3 acid dragon scales
rPois   +          Reflect  +   (helmet restricted)
rElec   .          Harm     .   d - +2 cloak
rCorr   +          Rampage  .   (gloves unavailable)
Will    +....      Clarity  +   (boots unavailable)
Stlth   +.........              m - amulet of reflection
HPRegen 1.10/turn               f - ring of willpower
MPRegen 0.13/turn               I - ring of the Centipede {rPois rF- Int+6}

@: studying Summonings
A: large, unfitting armour, claws 3, regeneration 1, shaggy fur 1, tough skin 1,
beak, horns 1, iridescent scales 1, clarity, fire resistance 1
a: Renounce Religion, Evoke Blink


You were on level 10 of the Dungeon.
You worshipped Xom.
You were a favourite toy of Xom.
You visited 2 branches of the dungeon, and saw 11 of its levels.
You also visited: Sewer.

You collected 1461 gold pieces.
You spent 48 gold pieces at shops.

Inventory:

Hand Weapons
 a - the +4 whip of Defiance {flame, +Blink Dex+6}
   (You found it on level 2 of the Dungeon)

   It burns those it strikes, dealing additional fire damage.
   Dex:       It affects your dexterity (+6).
   +Blink:    It lets you blink.
 b - the +8 mace of Duty (weapon) {chaos, +Blink rCorr Str-3 Int+6}
   (Xom gifted it to you on level 4 of the Dungeon)

   Each time it hits an enemy it has a different, random effect.
   Str:       It affects your strength (-3).
   Int:       It affects your intelligence (+6).
   +Blink:    It lets you blink.
   rCorr:     It protects you from acid and corrosion.
 t - the +10 long sword "Lixkyewk" {vorpal, rElec Int+2}
   (You found it on level 5 of the Dungeon)

   It inflicts extra damage upon your enemies.
   Int:       It affects your intelligence (+2).
   rElec:     It insulates you from electricity.
 x - a +2 whip of electrocution
Missiles
 u - 3 datura-tipped darts (quivered)
 C - a curare-tipped dart
 F - a throwing net
 J - 4 atropa-tipped darts
Armour
 d - a +2 cloak (worn)
 o - +0 steam dragon scales
 p - a scarf of repulsion
 v - +3 acid dragon scales (worn)
Jewellery
 f - a ring of willpower (left claw)
 g - an amulet of magic regeneration
 k - a +6 ring of dexterity
 m - an amulet of reflection (around neck)
 n - a +4 ring of evasion
 w - a +6 ring of dexterity
 I - the ring of the Centipede (right claw) {rPois rF- Int+6}
   (You found it on level 10 of the Dungeon)

   [ring of poison resistance]

   Int:       It affects your intelligence (+6).
   rF:        It makes you vulnerable to fire.
   rPois:     It protects you from poison.
Wands
 r - a wand of iceblast (17)
 y - a wand of paralysis (5)
 z - a wand of flame (35)
Scrolls
 D - 2 scrolls of teleportation
 H - a scroll of identify
Potions
 c - 3 potions of resistance
 h - a potion of might
 i - a potion of attraction
 j - 2 potions of invisibility
 l - 3 potions of flight
 q - 2 potions of magic
 s - 2 potions of ambrosia
 A - 2 potions of haste
 B - a potion of brilliance
 E - 2 potions of curing


   Skills:
 - Level 11.0 Fighting
 * Level 10.5 Maces & Flails
 - Level 2.4 Dodging
 - Level 1.0 Stealth
 + Level 8.9 Unarmed Combat
 - Level 2.0 Spellcasting
 - Level 0.6 Invocations


You had 14 spell levels left.
You didn't know any spells.
Your spell library contained the following spells:

 Spells                   Type           Power      Damage    Failure   Level
 Magic Dart               Conj           4%         1d3       24%         1
 Searing Ray              Conj           2%         2d4       34%         2
 Portal Projectile        Hex/Tloc       2%         N/A       56%         3
 Tukima's Dance           Hex            1%         N/A       56%         3
 Anguish                  Hex/Necr       0%         N/A       93%         4
 Fulminant Prism          Conj/Hex       0%         3d6       93%         4
 Blade Hands              Tmut           0%         N/A       100%        5
 Excruciating Wounds      Necr           0%         N/A       100%        5
 Irradiate                Conj/Tmut      0%         3d13      100%        5
 Dragon Form              Tmut           0%         N/A       100%        7
 Enfeeble                 Hex            0%         N/A       100%        7


Dungeon Overview and Level Annotations

Branches:
Dungeon (10/15)            Temple (1/1) D:7            Lair (0/6) D:10
  Sewer (visited)
    Orc: D:9-12

Altars:
Ashenzari
Cheibriados
Dithmenos
Elyvilon
Fedhas
Gozag
Hepliaklqana
Kikubaaqudgha
Makhleb
Nemelex Xobeh
Okawaru
Qazlal
Ru
Sif Muna
Trog
Uskayaw
Vehumet
Wu Jian
Xom
Yredelemnul
Zin
The Shining One

Shops:
D:4 *

Annotations:
D:7 2 transporters, crazypyro's ghost, novice MiFi


Innate Abilities, Weirdness & Mutations

You are too large for most types of armour.
You have claws for hands.
Your natural rate of healing is unusually fast.
You are covered in fur. (AC +1)
You have tough skin. (AC +1)
You have a beak for a mouth.
You have a pair of small horns on your head.
You are partially covered in iridescent scales. (AC +2)
You possess an exceptional clarity of mind.
Your flesh is heat resistant. (rF+)


Message History

As you read the scroll of blinking, it crumbles to dust.
A centaur warrior zombie comes into view.
Unknown command.
Okay, then.
Aiming: Iceblast
Press: ? - help, Shift-Dir - straight line, f - boulder beetle
Aim: a boulder beetle (almost dead, rolling, strong, poisoned)
The mass of ice explodes!
The iceblast engulfs the boulder beetle.
The boulder beetle is almost dead.
Aiming: Iceblast
Press: ? - help, Shift-Dir - straight line, f/p - boulder beetle
Aim: a boulder beetle (almost dead, rolling, strong, poisoned)
The mass of ice explodes!
The iceblast engulfs the boulder beetle but does no damage.
The boulder beetle is almost dead.
The boulder beetle looks more healthy.
The boulder beetle barely misses you.
The boulder beetle stops rolling and uncurls.
Unknown command.
Unknown command.
Unknown command.
You hit the boulder beetle but do no damage.
You headbutt the boulder beetle, but do no damage.
You peck the boulder beetle, but do no damage.
Your claw misses the boulder beetle.
The boulder beetle is almost dead.
The boulder beetle bites you!!
* * * LOW HITPOINT WARNING * * *
You feel much better. The boulder beetle bites you!!
* * * LOW HITPOINT WARNING * * *
You fail to use your ability.
The boulder beetle bites you!!
* * * LOW HITPOINT WARNING * * *
Unknown command.
Okay, then.
You feel much better.
The centaur warrior zombie hits you but does no damage.
You block the centaur warrior zombie's attack.
The boulder beetle bites you!!
You die...
Xom chortles!

###).#########........ #..#
#..###### .#
####..#########..###### #.#
#...................... ..#
......................) ..#
..............######### #.#
....########..################.#
..........)....................#
...............Z@B.......<.....#
..>...Z.............##########.#
##..###############.##########.#
##.##...≈≈.....###............#
#..†..≈.≈≈≈≈≈.............(..#
##≈≈...≈.≈.≈.....####........#
#≈≈≈≈≈≈..≈≈≈≈≈≈.†≈≈≈##########.#
##≈≈≈≈≈≈≈≈≈≈≈.≈†≈≈≈≈≈≈#........#
####.≈.≈≈≈...≈...†.####........#


You could see a boulder beetle (strong) and a centaur warrior zombie.

Vanquished Creatures
  Erolcha (D:10)
  A death knight (D:9)
  Pikel (D:6)
  A rime drake (shapeshifter) (D:8)
  3 kobold demonologists
  A troll (D:10)
  A wind drake (shapeshifter) (D:10)
  Grinder (D:3)
  10 yaks
  A steam dragon (D:5)
  2 wargs (D:9)
  Edmund (D:6)
  2 water moccasins
  2 hornet zombies
  An orc warrior (D:9)
  A necrophage (D:7)
  2 centaurs
  3 ogres
  A lemure (D:6)
  A phantom (D:5)
  5 kobold brigands
  Blork the orc (D:6)
  A wyvern zombie (D:5)
  A water moccasin zombie (D:7)
  3 killer bees (D:8)
  3 howler monkeys
  3 centaur zombies
  5 hounds
  2 jellies
  2 centaur skeletons
  2 gnoll shamans
  10 orc priests
  5 iguanas
  Ijyb (D:3)
  Natasha (thrice) (D:4)
  13 orc wizards
  3 scorpion zombies (D:5)
  2 killer bee zombies
  A hound zombie (D:5)
  4 howler monkey zombies
  15 gnolls
  2 howler monkey skeletons
  9 adders
  A river rat (D:6)
  6 shadow imps
  3 ufetubi (Sewer)
  4 worms
  The ghost of cbfl8 the Sneak, a weakling MiDe (D:5)
  6 dart slugs
  28 orcs
  8 bats
  7 endoplasms
  4 giant cockroaches
  2 hobgoblins (D:1)
  29 kobolds
  5 quokkas
  4 ball pythons
  4 frilled lizards
  6 goblins
  5 rats
256 creatures vanquished.

Vanquished Creatures (collateral kills)
  A centaur zombie (D:7)
  A kobold brigand (Sewer)
  A howler monkey (D:7)
  A quasit (Sewer)
  A gnoll (D:10)
  A shadow imp (Sewer)
6 creatures vanquished.

Vanquished Creatures (others)
  An endoplasm (Sewer)
  A plant (D:10)
2 creatures vanquished.

Grand Total: 264 creatures vanquished

Notes
Turn   | Place    | Note
-------+----------+-------------------------------------------
     0 | D:1      | RighteousDevil the Troll Monk began the quest for the Orb.
     0 | D:1      | Reached XP level 1. HP: 22/22 MP: 0/0
   136 | D:1      | Found a faded altar of an unknown god.
   142 | D:1      | Reached XP level 2. HP: 28/29 MP: 1/1
   145 | D:1      | Prayed at the altar of an unknown god.
   145 | D:1      | Became a worshipper of Xom of Chaos
   426 | D:2      | Identified the +4 whip of Defiance {flame, +Blink Dex+6}
   481 | D:2      | Reached XP level 3. HP: 36/36 MP: 2/2
   537 | D:2      | Identified a scroll of acquirement
   537 | D:2      | Acquired a manual of Summonings
   791 | D:2      | XOM: give mutations
   791 | D:2      | Gained mutation: Armour fits poorly on your strangely
                  | shaped body. [Xom's mischief]
   791 | D:2      | Lost mutation: Armour fits poorly on your strangely shaped
                  | body. [Xom's mischief]
   791 | D:2      | Gained mutation: You occasionally shout uncontrollably at
                  | your foes. [Xom's mischief]
   791 | D:2      | Gained mutation: Your body sometimes deteriorates upon
                  | taking damage. [Xom's mischief]
   896 | D:2      | Reached skill level 1 in Maces & Flails
   957 | D:3      | XOM: silly message
  1013 | D:3      | XOM: divination: detect items
  1045 | D:3      | Reached skill level 3 in Fighting
  1135 | D:3      | Reached XP level 4. HP: 43/45 MP: 3/3
  1421 | D:3      | Noticed Ijyb
  1430 | D:3      | Paralysed by Ijyb for 4 turns
  1440 | D:3      | Killed Ijyb
  1441 | D:3      | Reached XP level 5. HP: 51/53 MP: 4/4
  1464 | D:3      | Noticed Grinder
  1470 | D:3      | XOM: enchant monster (good)
  1471 | D:3      | Killed Grinder
  1472 | D:3      | Reached XP level 6. HP: 62/62 MP: 5/5
  1848 | D:4      | XOM: enchant monster (bad)
  1938 | D:4      | Found Ucsalir's General Store.
  1946 | D:4      | Bought a scroll of identify for 24 gold pieces
  1946 | D:4      | Bought a scroll of identify for 24 gold pieces
  2003 | D:4      | XOM: scenery: 1 doors open
  2026 | D:4      | XOM: god gift: slimy mace {god gift}
  2026 | D:4      | Identified the +8 mace of Duty {chaos, +Blink rCorr Str-3
                  | Int+6} (Xom gifted it to you on level 4 of the Dungeon)
  2032 | D:4      | XOM: scenery: 2 doors open
  2128 | D:4      | Reached skill level 4 in Fighting
  2128 | D:4      | Reached XP level 7. HP: 70/70 MP: 6/6
  2304 | D:4      | Noticed Natasha
  2307 | D:4      | Killed Natasha
  2308 | D:4      | Reached skill level 5 in Unarmed Combat
  2352 | D:4      | Noticed Natasha
  2359 | D:4      | Killed Natasha
  2379 | D:4      | Noticed Natasha
  2385 | D:4      | Killed Natasha
  2581 | D:5      | Entered Level 5 of the Dungeon
  2583 | D:5      | XOM: enchant monster (bad)
  2611 | D:5      | Noticed a steam dragon
  2615 | D:5      | Killed a steam dragon
  2616 | D:5      | Reached skill level 5 in Maces & Flails
  2729 | D:5      | XOM: smoke on damage
  2746 | D:5      | Reached XP level 8. HP: 79/79 MP: 7/7
  2815 | D:5      | Found a transporter.
  2818 | D:5      | Noticed cbfl8's ghost (weakling MiDe)
  2823 | D:5      | Found a transporter.
  2847 | D:5      | Killed cbfl8's ghost
  2848 | D:5      | XOM: fog
  2854 | D:5      | XOM: god gift: 957 gold pieces
  2871 | D:5      | Identified the +10 long sword "Lixkyewk" {vorpal, rElec
                  | Int+2}
  2922 | D:5      | XOM: give mutations
  2922 | D:5      | Gained mutation: Armour fits poorly on your strangely
                  | shaped body. [Xom's mischief]
  2922 | D:5      | Gained mutation: Your body often deteriorates upon taking
                  | damage. [Xom's mischief]
  2922 | D:5      | Lost mutation: You occasionally shout uncontrollably at
                  | your foes. [Xom's mischief]
  2922 | D:5      | Lost mutation: Your body often deteriorates upon taking
                  | damage. [Xom's mischief]
  3039 | D:5      | Reached skill level 5 in Fighting
  3193 | D:5      | XOM: draining
  3328 | D:6      | Noticed Maggie
  3342 | D:6      | Noticed Maggie
  3342 | D:6      | Maggie changed into Maggie the adder
  3343 | D:6      | Killed Maggie the adder
  3363 | D:6      | XOM: noise
  3378 | D:6      | XOM: butterfly on damage
  3488 | D:6      | Noticed Pikel
  3502 | D:6      | Killed Pikel
  3503 | D:6      | Reached XP level 9. HP: 65/88 MP: 8/8
  3560 | D:6      | Noticed Blork the orc
  3569 | D:6      | Killed Blork the orc
  3629 | D:6      | Found a glowing drain.
  3638 | Sewer    | Entered a sewer
  3770 | Sewer    | Found a burning altar of Makhleb.
  3795 | Sewer    | XOM: cloud trail
  3996 | D:6      | XOM: god gift: +1 robe of resistance
  4138 | D:6      | Noticed Edmund
  4149 | D:6      | Killed Edmund
  4304 | D:6      | Lost mutation: Armour fits poorly on your strangely shaped
                  | body. [potion of mutation]
  4304 | D:6      | Lost mutation: Your body sometimes deteriorates upon taking
                  | damage. [potion of mutation]
  4304 | D:6      | Gained mutation: You possess an exceptional clarity of
                  | mind. [potion of mutation]
  4304 | D:6      | Gained mutation: You are partially covered in iridescent
                  | scales. (AC +2) [potion of mutation]
  4304 | D:6      | Gained mutation: Your flesh is heat resistant. (rF+)
                  | [potion of mutation]
  4306 | D:6      | Reached skill level 11 in Fighting
  4306 | D:6      | Reached XP level 10. HP: 113/113 MP: 9/9
  4412 | D:7      | XOM: summons 10 friendly demons
  4728 | D:7      | Found a transporter.
  4737 | D:7      | Noticed crazypyro's ghost (novice MiFi)
  4743 | D:7      | Found a transporter.
  4746 | D:7      | Found a bloodstained altar of Trog.
  4747 | D:7      | XOM: god gift: 30 gold pieces
  4748 | D:7      | Noticed a moth of wrath
  4763 | D:7      | Found a staircase to the Ecumenical Temple.
  4775 | Temple   | Entered the Ecumenical Temple
  5221 | D:8      | Noticed a cane toad
  5221 | D:8      | a shapeshifter changed into a cane toad
  5224 | D:8      | a cane toad changed into a shapeshifter
  5227 | D:8      | Noticed a black mamba
  5227 | D:8      | a hornet changed into a black mamba
  5229 | D:8      | a black mamba changed into a shapeshifter
  5296 | D:8      | Reached skill level 1 in Spellcasting
  5508 | D:8      | XOM: swap monsters
  6107 | D:9      | Noticed a death knight
  6268 | D:9      | Noticed a rust devil
  6276 | D:9      | XOM: cast spell 'Summon Ice Beast'
  6338 | D:9      | XOM: cloud trail
  6393 | D:9      | Reached XP level 11. HP: 113/120 MP: 12/12
  6677 | D:9      | Found a snail-covered altar of Cheibriados.
  6689 | D:9      | XOM: noise
  6976 | D:9      | XOM: noise
  6981 | D:9      | Killed a death knight
  7172 | D:9      | XOM: silly message
  7506 | D:10     | Entered Level 10 of the Dungeon
  7587 | D:10     | Found a staircase to the Lair.
  7614 | D:10     | XOM: confuse monster(s)
  7687 | D:10     | Noticed Erolcha
  7696 | D:10     | Killed Erolcha
  7697 | D:10     | Reached skill level 10 in Maces & Flails
  7747 | D:10     | XOM: scenery: summon butterflies
  7761 | D:10     | XOM: summons friendly shadow imp
  7838 | D:10     | Identified the ring of the Centipede {rPois rF- Int+6}
  7883 | D:10     | Noticed a boulder beetle
  7912 | D:10     | XOM: give mutations
  7912 | D:10     | Gained mutation: You have a beak for a mouth. [Xom's grace]
  7912 | D:10     | Gained mutation: You have a pair of small horns on your
                  | head. [Xom's grace]
  7940 | D:10     | HP: 2/120 [boulder beetle (33)]
  7952 | D:10     | HP: 6/120 [boulder beetle (19)]
  7953 | D:10     | Mangled by a boulder beetle

Illustrated notes

Levels and vault maps discovered:
D:1:      dpeg_arrival_signposts, layout_loops_cross, serial_rivers,
          chequers_serial_rivers_micro_e, chequers_serial_rivers_micro_d,
          chequers_serial_rivers_micro_c, chequers_serial_rivers_small_b,
          chequers_serial_rivers_micro_d, hellmonk_ecumenical_altar_run_dry,
          st_stairs_1
D:2:      layout_basic
D:3:      layout_basic, minmay_hedge_maze, uniq_grinder, uniq_ijyb
D:4:      layout_basic, serial_shops, nicolae_stop_n_shop_2,
          minmay_misc_feat_rows, minmay_bisected, uniq_natasha
D:5:      layout_loops_ring, gammafunk_ghost_mausoleum
D:6:      layout_cave_pools, gup_sewer_entry_bubbles, uniq_menkaure,
          uniq_blork_the_orc, uniq_pikel, uniq_edmund, uniq_maggie
D:7:      layout_basic, minmay_temple_entry_proselytizer,
          gammafunk_ghost_wrathful_warriors, kennysheep_generic_room_15
D:8:      hellmonk_crumbling_castle, layout_basic, minmay_between
D:9:      layout_layer_cave, mainiacjoe_overflow_paths, minmay_statues_item,
          minmay_orc_keep
D:10:     layout_long_grid, erik_lair_orcish_takeover, david_orc_1_choice,
          nicolae_trove_entry_columns, serial_rivers,
          chequers_serial_rivers_micro_e, chequers_serial_rivers_small_3,
          chequers_serial_rivers_small_3, chequers_serial_rivers_micro_d,
          hangedman_fish_farm, uniq_erolcha
Temple:   minmay_crystal_snake_temple

Skill      XL: |  1  2  3  4  5  6  7  8  9 10 11 |
---------------+----------------------------------+-----
Maces & Flails | 1 2 3 4 5 7 8 9 10 | 10.5
Fighting       | 3 4 5 11 | 11.0
Unarmed Combat | 4 5 6 7 8 |  8.9
Spellcasting   | 1 2 |  2.0
Dodging        | |  2.4
Stealth        | |  1.0
Invocations    | |  0.6

Action                   |  1- 3 |  4- 6 |  7- 9 | 10-12 || total
-------------------------+-------+-------+-------+-------++-------
Melee: Unarmed           |    28 |       |       |       ||    28
       Whip              |    36 |    50 |       |       ||    86
       Punch             |     2 |     4 |     8 |    26 ||    40
       Mace              |       |    12 |   269 |   384 ||   665
       Headbutt          |       |       |       |    10 ||    10
       Peck              |       |       |       |     7 ||     7
Throw: Dart              |       |       |     2 |       ||     2
Evoke: Wand              |       |     1 |       |     6 ||     7
  Use: Scroll            |     5 |     5 |     9 |     5 ||    24
       Potion            |       |     1 |     2 |     6 ||     9
 Stab: Sleeping          |     5 |     4 |     4 |       ||    13
       Confused          |       |       |     2 |     4 ||     6
       Paralysed         |       |       |       |     6 ||     6
       Distracted        |       |       |       |     2 ||     2
       Petrifying        |       |       |       |     1 ||     1
Armor: Robe              |    18 |    12 |     8 |       ||    38
       Steam dragon scal |       |       |    31 |       ||    31
       Acid dragon scale |       |       |    54 |   166 ||   220
Dodge: Dodged            |    23 |    34 |   203 |   188 ||   448
       Repelled          |       |       |     2 |       ||     2
Block: Other             |       |       |       |    68 ||    68
       Reflection        |       |       |       |     6 ||     6
